 Dungeon Crawl Stone Soup version 0.28.0-43-g3370ac3207 (webtiles) character file.

Game seed: 11368752488669934784

91 Ablot the Grasshopper (level 4, 0/38 HPs)
             Began as a Gnoll Warper on Mar 3, 2022.
             Slain by an orc
             ... wielding a +4 dagger of speed
              (5 damage)
             ... on level 2 of the Dungeon.
             The game lasted 00:03:26 (3171 turns).

Ablot the Grasshopper (Gnoll Warper)                Turns: 3171, Time: 00:03:26

Health: 0/38       AC:  4    Str: 12    XL:     4   Next: 57%
Magic:  11/11      EV: 13    Int: 12    God:
Gold:   99         SH:  0    Dex: 12    Spells: 11/13 levels left

rFire   + . .      SeeInvis .   q - +2 flail (vorpal)
rCold   . . .      Faith    .   (no shield)
rNeg    . . .      Spirit   .   b - +0 leather armour
rPois   .          Reflect  .   (no helmet)
rElec   .          Harm     .   (no cloak)
rCorr   .          Rampage  .   (no gloves)
Will    .....                   m - +0 pair of boots
Stlth   +.........              (no amulet)
HPRegen 0.12/turn               l - ring of protection from fire
MPRegen 0.12/turn               (no ring)

@: no status effects
A: fangs 1, strong nose, distributed training
a: no special abilities


You were on level 2 of the Dungeon.
You visited 1 branch of the dungeon, and saw 3 of its levels.

You collected 99 gold pieces.

Inventory:

Hand Weapons
 a - a +0 spear
 o - a +0 hunting sling
 q - a +2 vorpal flail (weapon)
 r - a +2 dagger of venom
Missiles
 d - 5 boomerangs of dispersal (quivered)
 f - 17 arrows
 n - 76 stones
Armour
 b - a +0 leather armour (worn)
 m - a +0 pair of boots (worn)
Jewellery
 e - an amulet of faith
 l - a ring of protection from fire (left hand)
Scrolls
 c - a scroll of blinking
 g - a scroll of immolation {unknown}
 h - a scroll of teleportation {unknown}
 i - 2 scrolls of identify {unknown}
Potions
 j - a potion of might {unknown}
 k - a potion of heal wounds {unknown}
 p - a potion of haste {unknown}


   Skills:
 + Level 4.6 Fighting
 + Level 1.2 Short Blades
 + Level 1.2 Long Blades
 + Level 1.2 Axes
 + Level 1.2 Maces & Flails
 + Level 4.6 Polearms
 + Level 1.2 Staves
 + Level 1.2 Slings
 + Level 1.2 Bows
 + Level 1.2 Crossbows
 + Level 2.8 Throwing
 + Level 2.8 Armour
 + Level 4.6 Dodging
 + Level 1.2 Stealth
 + Level 1.2 Shields
 + Level 1.2 Unarmed Combat
 + Level 5.1 Spellcasting
 + Level 1.0 Conjurations
 + Level 1.0 Hexes
 + Level 1.0 Summonings
 + Level 1.0 Necromancy
 + Level 5.5 Translocations
 + Level 1.0 Transmutations
 + Level 1.0 Fire Magic
 + Level 1.0 Ice Magic
 + Level 1.0 Air Magic
 + Level 1.0 Earth Magic
 + Level 1.0 Poison Magic
 + Level 1.3 Invocations
 + Level 1.2 Evocations


You had 11 spell levels left.
You knew the following spells:

 Your Spells              Type           Power      Damage    Failure   Level
a - Blink                 Tloc           32%        N/A       4%          2

Your spell library contained the following spells:

 Spells                   Type           Power      Damage    Failure   Level
 Gell's Gravitas          Tloc           16%        N/A       8%          3
 Lesser Beckoning         Tloc           16%        N/A       8%          3
 Teleport Other           Tloc           16%        N/A       8%          3
 Manifold Assault         Tloc           16%        N/A       58%         5
 Freezing Cloud           Conj/Ice/Air   2%         6-21      99%         5
 Simulacrum               Ice/Necr       2%         N/A       100%        6
 Polar Vortex             Ice            2%         N/A       100%        9


Dungeon Overview and Level Annotations

Branches:
Dungeon (3/15)

Altars:


Innate Abilities, Weirdness & Mutations

You have very sharp teeth.
Your uncanny sense of smell can sniff out nearby items.
Your experience applies equally to all skills.


Message History

A bat comes into view.
You see here 8 gold pieces.
You now have 99 gold pieces (gained 8).
There is a stone staircase leading up here.
You climb upwards.
There is a stone staircase leading down here.
Things that are here:
a +0 dagger; a +0 hunting sling
There is a stone staircase leading down here.
You climb downwards.
The kobold shouts!
The orc shouts!
The orc wizard shouts!
The orc shouts!
The orc priest shouts!
The orc shouts!
The orc priest invokes the aid of Beogh against you.
Pain shoots through your body! The orc priest closely misses you.
The orc hits you with a +4 dagger of speed.
Found an escape hatch in the ceiling.
There is a stone staircase leading up, spattered with blood here.
The orc hits you with a +4 dagger of speed.
The orc wizard mumbles some strange words.
The orc wizard flickers and vanishes!
Deactivating autopickup; reactivate with Ctrl-A.
The orc priest misses you.
You climb upwards.
Reactivating autopickup.
There is a stone staircase leading down here.
Something hits you but does no damage.
Deactivating autopickup; reactivate with Ctrl-A.
The orc priest hits you with a +0 mace.
The orc priest invokes the aid of Beogh against you.
Beogh smites you!
* * * LOW HITPOINT WARNING * * *
You hit the orc.
The orc is almost dead.
The orc closely misses you.
The orc hits you with a +4 dagger of speed.
* * * LOW HITPOINT WARNING * * *
You hit the orc but do no damage.
The orc is almost dead.
The orc hits you with a +4 dagger of speed.
You die...

#.............# #.#
###......####.#### #.#
..#..............# #.#
#.#......####.##.# #.#
#........# #.##.# #.#
########.####.##.######.#
...............o{.......#
.........####.##o########
########## #.##@# #
#.##.# # #.##.# ########
#....# .......# ######
.......# .......#
.......#### ..........###


You could see an orc priest and an orc.

Vanquished Creatures
  3 adders (D:2)
  7 endoplasms
  2 giant cockroaches
  9 goblins
  6 hobgoblins
  3 jackals (D:2)
  6 kobolds
  2 quokkas
  5 ball pythons
  8 bats
  A frilled lizard (D:2)
  5 rats
57 creatures vanquished.

Notes
Turn   | Place    | Note
-------+----------+-------------------------------------------
     0 | D:1      | Ablot the Gnoll Warper began the quest for the Orb.
     0 | D:1      | Reached XP level 1. HP: 20/20 MP: 6/6
    79 | D:1      | Reached XP level 2. HP: 17/26 MP: 7/7
   107 | D:1      | Learned a level 2 spell: Blink
   781 | D:1      | Reached XP level 3. HP: 27/31 MP: 9/9
  1016 | D:1      | Reached skill level 5 in Spellcasting
  1577 | D:2      | Reached skill level 1 in Invocations
  1614 | D:2      | Found a faded altar of an unknown god.
  1817 | D:2      | Reached skill level 1 in Short Blades
  1817 | D:2      | Reached skill level 1 in Long Blades
  1817 | D:2      | Reached skill level 1 in Axes
  1817 | D:2      | Reached skill level 1 in Maces & Flails
  1817 | D:2      | Reached skill level 1 in Staves
  1817 | D:2      | Reached skill level 1 in Slings
  1817 | D:2      | Reached skill level 1 in Bows
  1817 | D:2      | Reached skill level 1 in Crossbows
  1817 | D:2      | Reached skill level 1 in Stealth
  1817 | D:2      | Reached skill level 1 in Shields
  1817 | D:2      | Reached skill level 1 in Unarmed Combat
  1817 | D:2      | Reached skill level 1 in Evocations
  1868 | D:2      | Reached XP level 4. HP: 24/38 MP: 11/11
  2742 | D:2      | Reached skill level 1 in Conjurations
  2742 | D:2      | Reached skill level 1 in Hexes
  2742 | D:2      | Reached skill level 1 in Summonings
  2742 | D:2      | Reached skill level 1 in Necromancy
  2742 | D:2      | Reached skill level 1 in Transmutations
  2742 | D:2      | Reached skill level 1 in Fire Magic
  2742 | D:2      | Reached skill level 1 in Ice Magic
  2742 | D:2      | Reached skill level 1 in Air Magic
  2742 | D:2      | Reached skill level 1 in Earth Magic
  2742 | D:2      | Reached skill level 1 in Poison Magic
  3171 | D:2      | Slain by an orc

Illustrated notes

Levels and vault maps discovered:
D:1:      dpeg_arrival_shrine, layout_loops_ring
D:2:      kennysheep_the_goblin_king, layout_basic, nicolae_ecumenical_pavilion
D:3:      layout_rooms, okawaru_gym_becter, kennysheep_generic_room_5

Skill      XL: |  1  2  3  4 |
---------------+-------------+-----
Spellcasting   | 5 |  5.1
Invocations    | 1 |  1.3
Short Blades   | 1 |  1.2
Long Blades    | 1 |  1.2
Axes           | 1 |  1.2
Maces & Flails | 1 |  1.2
Staves         | 1 |  1.2
Slings         | 1 |  1.2
Bows           | 1 |  1.2
Crossbows      | 1 |  1.2
Stealth        | 1 |  1.2
Shields        | 1 |  1.2
Unarmed Combat | 1 |  1.2
Evocations     | 1 |  1.2
Conjurations   | 1 |  1.0
Hexes          | 1 |  1.0
Summonings     | 1 |  1.0
Necromancy     | 1 |  1.0
Transmutations | 1 |  1.0
Fire Magic     | 1 |  1.0
Ice Magic      | 1 |  1.0
Air Magic      | 1 |  1.0
Earth Magic    | 1 |  1.0
Poison Magic   | 1 |  1.0
Fighting       | |  4.6
Polearms       | |  4.6
Throwing       | |  2.8
Armour         | |  2.8
Dodging        | |  4.6
Translocations | |  5.5

Action                   |  1- 3 |  4- 6 || total
-------------------------+-------+-------++-------
Melee: Spear             |   146 |    56 ||   202
       Bite              |    15 |     6 ||    21
       Punch             |     2 |     1 ||     3
       Flail             |       |    28 ||    28
 Stab: Sleeping          |       |     1 ||     1
Armor: Leather armour    |    40 |    22 ||    62
Dodge: Dodged            |   105 |    66 ||   171
